 Dungeon Crawl Stone Soup version 0.29-a0-284-gf9362112df (webtiles) character file.

Game seed: 15086276293823066409

18 Cecur the Caller (level 2, 0/17 HPs)
             Began as an Octopode Summoner on Mar 17, 2022.
             Was a Follower of Makhleb.
             Slain by a frilled lizard (2 damage)
             ... on level 1 of the Dungeon.
             The game lasted 00:03:10 (1051 turns).

Cecur the Caller (Octopode Summoner)                Turns: 1051, Time: 00:03:10

Health: 0/17       AC:  1    Str:  7    XL:     2   Next: 70%
Magic:  5/5        EV: 13    Int: 17    God:    Makhleb [*.....]
Gold:   0          SH:  0    Dex: 12    Spells: 4/5 levels left

rFire   . . .      SeeInvis .   (no weapon)
rCold   . . .      Faith    .   (no shield)
rNeg    . . .      Spirit   .   (helmet restricted)
rPois   .          Reflect  .   (no amulet)
rElec   .          Harm     .   (no ring)
rCorr   .          Rampage  .   (no ring)
Will    .....                   (no ring)
Stlth   +++.......              (no ring)
HPRegen 0.05/turn               (no ring)
MPRegen 0.09/turn               (no ring)
                                (no ring)
                                (no ring)

@: no status effects
A: almost no armour, amphibious, 8 rings, camouflage 1, gelatinous body 1,
(nimble swimmer 1), tentacles
a: Renounce Religion


You were on level 1 of the Dungeon.
You worshipped Makhleb.
Makhleb was aware of your devotion.
You visited 1 branch of the dungeon, and saw 1 of its levels.

Inventory:

Magical Staves
 b - a staff of earth
Jewellery
 c - an amulet of the acrobat
Scrolls
 d - a scroll of teleportation {unknown}
 e - a scroll of brand weapon {unknown}
Potions
 a - a potion of magic


   Skills:
 + Level 2.1 Dodging
 + Level 2.8 Stealth
 + Level 2.3 Spellcasting
 + Level 4.4 Summonings


You had 4 spell levels left.
You knew the following spells:

 Your Spells              Type           Power      Damage    Failure   Level
a - Summon Small Mammal   Summ           68%        N/A       3%          1

Your spell library contained the following spells:

 Spells                   Type           Power      Damage    Failure   Level
 Call Imp                 Summ           17%        N/A       4%          2
 Call Canine Familiar     Summ           17%        N/A       9%          3
 Summon Guardian Golem    Hex/Summ       9%         N/A       22%         3
 Summon Lightning Spire   Summ/Air       9%         N/A       58%         4


Dungeon Overview and Level Annotations

Branches:
Dungeon (1/15)

Altars:
Makhleb


Innate Abilities, Weirdness & Mutations

You cannot wear most types of armour.
You are amphibious.
You can wear up to eight rings at the same time.
Your skin changes colour to match your surroundings (Stealth+).
Your rubbery body absorbs attacks. (AC +1, EV +1)
((You are camouflaged when in or above water. (Stealth+)))
You have tentacles for arms and can constrict up to eight enemies at once.


Message History

The frilled lizard bites you. The frilled lizard closely misses you.
The frilled lizard misses you. The frilled lizard closely misses you.
The frilled lizard closely misses you. The frilled lizard barely misses you.
The frilled lizard barely misses you. The frilled lizard barely misses you.
The frilled lizard closely misses you. The frilled lizard closely misses you.
The frilled lizard bites you but does no damage.
The frilled lizard bites you. The frilled lizard bites you.
The frilled lizard barely misses you. The frilled lizard barely misses you.
The frilled lizard barely misses you. The frilled lizard barely misses you.
The frilled lizard bites you. The frilled lizard barely misses you.
The frilled lizard bites you.
The frilled lizard bites you but does no damage.
The frilled lizard barely misses you. The frilled lizard barely misses you.
The frilled lizard misses you. The frilled lizard misses you.
The frilled lizard barely misses you. The frilled lizard bites you.
The frilled lizard barely misses you. The frilled lizard barely misses you.
The frilled lizard completely misses you.
The frilled lizard barely misses you. The frilled lizard bites you.
The frilled lizard hisses.
The frilled lizard bites you.
* * * LOW HITPOINT WARNING * * *
The frilled lizard misses you. The frilled lizard bites you.
* * * LOW HITPOINT WARNING * * *
The frilled lizard bites you.
You die...

#.##.# #.#
######## #.##.#
#.# ...h....
#.##.# .#
#ยง###... .....#
##.##... #.####
#.##.# #.#
##.###.# # #.#
#.# #.#
#.##.########
..## #.#
#....@l......
.#.###.#
####.########
###.##.########.#
##...#........#
#......########
#.####### #.# ##


You could see a frilled lizard.

Vanquished Creatures
  2 jackals (D:1)
2 creatures vanquished.

Vanquished Creatures (collateral kills)
  A dart slug (D:1)
  An endoplasm (D:1)
  A giant cockroach (D:1)
  A goblin (D:1)
  2 jackals (D:1)
  A quokka (D:1)
  2 bats (D:1)
  2 frilled lizards (D:1)
  A kobold (D:1)
  2 rats (D:1)
14 creatures vanquished.

Grand Total: 16 creatures vanquished

Notes
Turn   | Place    | Note
-------+----------+-------------------------------------------
     0 | D:1      | Cecur the Octopode Summoner began the quest for the Orb.
     0 | D:1      | Reached XP level 1. HP: 11/11 MP: 3/3
   677 | D:1      | Reached XP level 2. HP: 17/17 MP: 0/5
   736 | D:1      | Found a faded altar of an unknown god.
   747 | D:1      | Prayed at the altar of an unknown god.
   747 | D:1      | Became a worshipper of Makhleb the Destroyer
   747 | D:1      | Reached * piety under Makhleb
  1051 | D:1      | Slain by a frilled lizard

Illustrated notes

Levels and vault maps discovered:
D:1:      dpeg_arrival_round_c, layout_loops_ring,
          chequers_ecumenical_altar_simple, minmay_quantized

Action                   || total
-------------------------++-------
Melee: Unarmed           ||     5
       Constrict         ||     2
       Tentacles         ||     2
 Cast: Summon Small Mamm ||    30
Armor: Skin              ||     7
Dodge: Dodged            ||    46

Table legend: (Time is in decaauts)
 A = Elapsed time spent in this place.
 B = Non-inter-level travel time spent in this place.
 C = Inter-level travel time spent in this place.
 D = Time resting spent in this place.
 E = Time spent auto-exploring this place.
 F = Levels seen in this place.
 G = Mean time per level.
                   A        B        C        D        E       F      G
               +--------+--------+--------+--------+--------+-----+--------+
         Total |   1051 |   1051 |      0 |      0 |    759 |   1 | 1051.0 |
       Dungeon |   1051 |   1051 |      0 |      0 |    759 |   1 | 1051.0 |
               +--------+--------+--------+--------+--------+-----+--------+

Top non-repeatable levels by time:
     D:1: 1051 daAuts
